 Dungeon Crawl Stone Soup version 0.30.1-11-g7821555f0a (webtiles) character file.

Game seed: 10992534520087889502

30 Martska the Trooper (level 3, 0/29 HPs)
             Began as a Demonspawn Fighter on Dec 13, 2023.
             Slain by a hobgoblin (5 damage)
             ... led by Robin
             ... on level 1 of the Dungeon.
             The game lasted 00:01:27 (1032 turns).

Martska the Trooper (Demonspawn Fighter)            Turns: 1032, Time: 00:01:28

Health: 0/29       AC: 11    Str: 18    XL:     3   Next: 3%
Magic:  3/3        EV:  3    Int:  9    God:
Gold:   36         SH:  4    Dex: 12    Spells: 2/2 levels left

rFire   . . .        a - +0 trident
rCold   . . .        c - +0 buckler
rNeg    . . .        l - +0 plate armour
rPois   .            (no helmet)
rElec   .            (no cloak)
rCorr   .            (no gloves)
SInv    .            (no boots)
Will    .....        (no amulet) Stlth
                     (no ring)
HPRegen 0.24/turn    (no ring)
MPRegen 0.08/turn

%: no passive effects
@: constricted
A: sturdy frame 1
a: no special abilities


You were on level 1 of the Dungeon.
You visited 1 branch of the dungeon, and saw 2 of its levels.

You collected 36 gold pieces.

Inventory:

Hand Weapons
 a - a +0 trident (weapon)
Armour
 b - a +0 scale mail
 c - a +0 buckler (worn)
 l - a +0 plate armour (worn)
Jewellery
 m - an amulet of faith
Scrolls
 e - a scroll of amnesia {unknown}
 j - a scroll of silence
Potions
 d - a potion of might
 f - 2 potions of attraction
 g - 3 potions of lignification
 h - a potion of flight {unknown}
 i - a potion of mutation {unknown}
 k - a potion of brilliance {unknown}


   Skills:
 * Level 3.4 Fighting
 - Level 1.7 Polearms
 + Level 2.9 Armour
 * Level 1.1 Dodging
 + Level 2.9 Shields


You had 2 spell levels left.
You didn't know any spells.
Your spell library contained the following spells:

 Spells                   Type           Power      Damage    Failure   Level
 Vhi's Electric Charge    Tloc/Air       0%         N/A       100%        3
 Arcjolt                  Conj/Air       0%         1d10      100%        5
 Maxwell's Capacitive Co  Air            0%         ∞         100%        8


Dungeon Overview and Level Annotations

Branches:
Dungeon (2/15)

Altars:

Annotations:
D:2 Robin


Innate Abilities, Weirdness & Mutations

Your movements are slightly less encumbered by armour. (ER -2)


Message History

The hobgoblin hits you but does no damage.
You puncture the hobgoblin!
You kill the hobgoblin!
The ball python barely misses you. The ball python constricts you.
You block the hobgoblin's attack. The hobgoblin hits you.
You puncture the goblin!
You kill the goblin!
The ball python bites you but does no damage.
The ball python constricts you.
The hobgoblin hits you but does no damage.
The hobgoblin barely misses you. The ball python barely misses you.
The ball python constricts you.
You have reached level 3!
Your experience leads to an increase in your attributes!
Increase (S)trength, (I)ntelligence, or (D)exterity?
You feel stronger. x2
You puncture the goblin!
You kill the goblin!
The hobgoblin hits you.
The hobgoblin hits you but does no damage.
The ball python bites you. The ball python constricts you.
The hobgoblin hits you but does no damage. x2
The ball python bites you but does no damage.
The ball python constricts you.
You barely miss the ball python.
The ball python bites you but does no damage.
The ball python constricts you. The hobgoblin barely misses you.
The hobgoblin hits you but does no damage.
You barely miss the ball python. The ball python barely misses you.
The ball python constricts you.
The hobgoblin hits you but does no damage.
The hobgoblin hits you.
* * * LOW HITPOINT WARNING * * *
The ball python bites you but does no damage.
The ball python constricts you.
You barely miss the ball python. You block the hobgoblin's attack.
The hobgoblin hits you but does no damage.
The ball python bites you but does no damage.
The ball python constricts you. The hobgoblin hits you.
You die...

##.## #..........##..#### #
#..# ############......# #
##.#### ###..#....# #
#....##### #.........# ##
####.....###
#..####...#######.
#####...###..##..........##.
###...#..##...)......'')
#...))###..........##.
#...g@# #..........###
#...gS# #..........# #
##.....# #..........# #
#......# #..........# #
#......# #..........#
#......# #..........#
#...#### #####'###### #...#
#.# ##### #.#


You could see 2 hobgoblins and a ball python.

Vanquished Creatures
  2 bats (D:1)
  2 endoplasms
  A giant cockroach (D:2)
  7 goblins
  4 hobgoblins (D:1)
  4 ball pythons
  2 frilled lizards
  2 kobolds (D:1)
  2 rats
26 creatures vanquished.

Notes
Turn   | Place    | Note
-------+----------+-------------------------------------------
     0 | D:1      | Martska the Demonspawn Fighter began the quest for the Orb.
     0 | D:1      | Reached XP level 1. HP: 18/18 MP: 1/1
   367 | D:1      | Gained mutation: Your movements are slightly less
                  | encumbered by armour. (ER -2) [demonic ancestry]
   367 | D:1      | Reached XP level 2. HP: 24/24 MP: 2/2
   827 | D:2      | Reached skill level 1 in Dodging
   956 | D:2      | Noticed Robin
  1029 | D:1      | Reached XP level 3. HP: 11/29 MP: 3/3
  1032 | D:1      | Slain by a hobgoblin

Illustrated notes

Levels and vault maps discovered:
D:1:      nicolae_arrival_washed_ashore, layout_basic, minmay_distorted
D:2:      layout_basic, uniq_robin

Skill      XL: |  1  2 |
---------------+-------+-----
Dodging        | 1 |  1.1
Fighting       | |  3.4
Polearms       | |  1.7
Armour         | |  2.9
Shields        | |  2.9

Action                     || total
---------------------------++-------
  Melee: Trident           ||    96
    Use: Scroll            ||     3
 Armour: Scale mail        ||    15
         Plate armour      ||    56
  Dodge: Dodged            ||    50
  Block: Buckler           ||    26
